 Dungeon Crawl Stone Soup version 0.31-a0-1074-g0b22e4e0f1 (webtiles) character file.

Game seed: 7866324333631889934

995 Jeffwins the Ruffian (level 7, 0/46 (51) HPs)
             Began as an Armataur Shapeshifter on Nov 26, 2023.
             Slain by a wight
             ... wielding a +0 long sword
              (4 damage)
             ... on level 6 of the Dungeon.
             The game lasted 00:04:22 (3931 turns).

Jeffwins the Ruffian (Armataur Shapeshifter)        Turns: 3931, Time: 00:04:23

HP:   0/46 (51)     AC: 10    Str: 20    XL:     7   Next: 99%
MP:   7/7           EV:  3    Int: 12    God:
Gold: 194           SH:  0    Dex:  9    Spells: 6/6 levels left

rFire   + +          .
                       - Unarmed
rCold   . . .        (no shield)
rNeg    . . .        e - +2 plate armour {rF+}
rPois   +            (helmet currently unavailable)
rElec   .            (cloak currently unavailable)
rCorr   .            (gloves currently unavailable)
SInv    .            (no barding)
Will    .....        (no amulet) Stlth
                     F - ring of protection from fire
HPRegen 0.27/turn    P - ring of poison resistance
MPRegen 0.10/turn

%: roll
@: beast-form, drained
A: beast (slay +3), large, deformed body, tough skin 3, armoured tail, roll 2,
long tongue
a: Begin Untransformation


You were on level 6 of the Dungeon.
You were a hulking beast.
You visited 1 branch of the dungeon, and saw 6 of its levels.

You collected 194 gold pieces.


Innate Abilities, Weirdness & Mutations

You are a hulking beast.
Your limbs bulge with bestial killing power. (Slay +3)
Armour fits poorly on your strangely shaped body.
You have extremely tough skin. (AC +3)
You have a long armoured tail.
You roll and regenerate health when moving toward enemies. (Rampage Heal)
Your long tongue fully drains potion bottles. (2x potion effects)


   Skills:
 - Level 0.8 Fighting
 - Level 1.3 Dodging
 * Level 6.1 Unarmed Combat
 + Level 3.4 Evocations
 * Level 5.6 Shapeshifting


You had 6 spell levels left.
You didn't know any spells.
Your spell library contained the following spells:

 Spells                   Type           Power      Damage    Failure   Level
 Kiss of Death            Conj/Necr      0%         2d5       100%        1
 Confusing Touch          Hex            0%         N/A       100%        3
 Dispel Undead            Necr           0%         3d6       100%        4

Inventory:

Missiles
 s - 5 poisoned darts
 v - 4 javelins
Armour
 a - a +0 animal skin
 e - a +2 plate armour of fire resistance (worn)
 x - a +0 pair of gloves
 y - a +1 helmet
 A - an orb of mayhem
Jewellery
 w - an amulet of reflection
 F - a ring of protection from fire (left hand)
 P - a ring of poison resistance (right hand)
Talismans
 c - a beast talisman
 d - a flux talisman
Wands
 n - a wand of light (3)
Scrolls
 f - 3 scrolls of teleportation {unknown}
 i - 7 scrolls of identify {unknown}
 j - a scroll of immolation {unknown}
 k - a scroll of amnesia {unknown}
 l - a scroll of acquirement {unknown}
 m - a scroll of noise {unknown}
 p - 2 scrolls of vulnerability {unknown}
 r - a scroll of enchant armour {unknown}
 t - a scroll of fog {unknown}
 u - 2 scrolls of poison {unknown}
Potions
 b - a potion of lignification {!q}
 g - 2 potions of attraction {unknown}
 h - a potion of berserk rage {unknown}
 o - 4 potions of heal wounds {unknown}
 q - 3 potions of curing {unknown}
 z - a potion of haste {unknown}

Dungeon Overview and Level Annotations

Branches:
Dungeon (6/15)
 Temple: D:4-7

Altars:
Hepliaklqana
Makhleb

Shops:
D:1 *

Portals:
Abyss: D:4

Annotations:
D:3 3 runed translucent doors, Phlounder's ghost, amateur DjSh
D:4 2 transporters, perezv8180's ghost, amateur TrSh

###†####
##))..# #.....#
#.....# #.....#
#.....# ##...##
#...## #.h..#
#.zz.# #.)..##
# #.)...#
###..####z.####
....z.......#
..........!.#
............#
###..####..##


You could see 3 wights.


Message History

The wight attacks as it pursues you!
The wight hits you with a +0 long sword.
* * * LOW HITPOINT WARNING * * *
You feel drained.
Okay, then.
Okay, then.
Aiming: Bolt of Light
Press: ? - help, Shift-Dir - straight line, f - wight
Aim: a wight, wielding a +0 halberd and wearing a +0 robe (74% to hit)
The bolt of light hits the wight!
The wight is almost destroyed.
The bolt of light hits the ogre!
The ogre is severely wounded.
The ogre is blinded.
The bolt of light hits the wight!
The wight is almost destroyed.
The wight barely misses you.
The wight hits you with a +0 long sword.
* * * LOW HITPOINT WARNING * * *
Unknown command.
Aiming: Bolt of Light
Press: ? - help, Shift-Dir - straight line, f/p - wight
Aim: a wight, wielding a +0 halberd and wearing a +0 robe (almost destroyed, 74% to hit)
The bolt of light misses the wight.
The bolt of light hits the ogre!!
You kill the ogre!
The bolt of light hits the wight!
You destroy the wight!
The wight hits you with a +0 short sword!
* * * LOW HITPOINT WARNING * * *
The wight hits you with a +0 long sword.
You die...

Skill      XL: |  1  2  3  4  5  6  7 |
---------------+----------------------+-----
Unarmed Combat | 3 4 5 6 |  6.1
Shapeshifting  | 3 4 5 |  5.6
Evocations     | 1 2 3 |  3.4
Fighting       | |  0.8
Dodging        | |  1.3

Action                     |  1- 3 |  4- 6 |  7- 9 || total
---------------------------+-------+-------+-------++-------
  Melee: Unarmed           |    94 |   111 |    41 ||   246
         Tailslap          |     5 |     9 |     6 ||    20
         Punch             |     1 |     4 |     1 ||     6
  Evoke: Wand              |       |       |     4 ||     4
 Armour: Animal skin       |     9 |       |       ||     9
         Plate armour      |    59 |   120 |    51 ||   230
  Dodge: Dodged            |    16 |    15 |     9 ||    40

Levels and vault maps discovered:
D:1:      elethiomel_arrival_shortcut, layout_loops_corners, serial_shops,
          nicolae_shop_tiny_statue_garden, nrook_campfire, minmay_pentomino_q4
D:2:      layout_basic, ebering_ecumenical_altar_mist,
          amcnicky_mini_rare_corridor_liquid
D:3:      layout_rooms, gammafunk_ghost_nasty_kobolds
D:4:      layout_basic, general_overflow_altar, nicolae_overflow_crystal_walls,
          gammafunk_ghost_abyssal_escape, corner_web_ring
D:5:      layout_cave_pools
D:6:      layout_gridville

Notes
Turn   | Place    | Note
-------+----------+-------------------------------------------
     0 | D:1      | Jeffwins the Armataur Shapeshifter began the quest for the
                  | Orb.
     0 | D:1      | Reached XP level 1. HP: 15/15 MP: 1/1
   220 | D:1      | Reached skill level 3 in Unarmed Combat
   220 | D:1      | Reached XP level 2. HP: 20/22 MP: 2/2
   291 | D:1      | Reached skill level 3 in Shapeshifting
   632 | D:1      | Found Jaiwk's General Store.
   929 | D:2      | Reached XP level 3. HP: 25/27 MP: 3/3
  1039 | D:2      | Found a faded altar of an unknown god.
  1787 | D:3      | Reached XP level 4. HP: 34/34 MP: 4/4
  2062 | D:3      | Found a runed translucent gate.
  2063 | D:3      | Found a runed translucent gate.
  2063 | D:3      | Noticed Phlounder's ghost (amateur DjSh)
  2064 | D:3      | Found a runed translucent gate.
  2065 | D:3      | Noticed a kobold brigand
  2183 | D:4      | Found a transporter.
  2197 | D:4      | Found a one-way gate to the infinite horrors of the Abyss.
  2197 | D:4      | Noticed an ancient zyme
  2197 | D:4      | Noticed perezv8180's ghost (amateur TrSh)
  2200 | D:4      | Noticed a kobold brigand
  2210 | D:4      | Found a transporter.
  2231 | D:4      | Found a hazy altar of Hepliaklqana.
  2419 | D:4      | Reached skill level 4 in Unarmed Combat
  2419 | D:4      | Reached skill level 1 in Evocations
  2522 | D:4      | Noticed a small abomination
  2603 | D:4      | Reached XP level 5. HP: 37/39 MP: 5/5
  2636 | D:4      | Reached skill level 4 in Shapeshifting
  2668 | D:4      | Noticed a black bear
  2672 | D:4      | Killed a black bear
  2673 | D:4      | Reached XP level 6. HP: 32/46 MP: 6/6
  2865 | D:4      | Found a burning altar of Makhleb.
  2991 | D:5      | Entered Level 5 of the Dungeon
  3012 | D:4      | Reached skill level 2 in Evocations
  3130 | D:4      | Reached skill level 5 in Unarmed Combat
  3155 | D:5      | Gained mutation: You roll and regenerate health when moving
                  | toward enemies. (Rampage Heal) [Armataur growth]
  3155 | D:5      | Reached XP level 7. HP: 32/51 MP: 7/7
  3327 | D:5      | Reached skill level 5 in Shapeshifting
  3645 | D:6      | HP: 4/51 [sky beast (5)]
  3649 | D:5      | Reached skill level 3 in Evocations
  3821 | D:6      | Reached skill level 6 in Unarmed Combat
  3931 | D:6      | HP: 4/46 [wight/+0 short sword (7)]
  3931 | D:6      | Slain by a wight

Vanquished Creatures
  A sky beast (D:5)
  An ice beast (D:5)
  2 black bears (D:4)
  2 ogres
  A phantom (D:4)
  A bullfrog (D:6)
  A wight (D:6)
  2 hounds (D:4)
  3 orc priests
  A jelly (D:4)
  An iguana (D:5)
  2 orc wizards
  8 adders
  5 dart slugs
  14 orcs
  6 ball pythons
  3 bats (D:1)
  4 endoplasms
  3 giant cockroaches
  4 goblins
  12 hobgoblins
  3 kobolds
  A quokka (D:3)
  3 frilled lizards
  5 rats
89 creatures vanquished.

Table legend: (Time is in decaauts)
 A = Elapsed time spent in this place.
 B = Non-inter-level travel time spent in this place.
 C = Inter-level travel time spent in this place.
 D = Time resting spent in this place.
 E = Time spent auto-exploring this place.
 F = Levels seen in this place.
 G = Mean time per level.
                   A        B        C        D        E       F      G
               +--------+--------+--------+--------+--------+-----+--------+
         Total |   3913 |   3806 |    107 |     88 |   3136 |   6 |  652.2 |
       Dungeon |   3913 |   3806 |    107 |     88 |   3136 |   6 |  652.2 |
               +--------+--------+--------+--------+--------+-----+--------+

Top non-repeatable levels by time:
     D:4: 1008 daAuts
     D:1: 879 daAuts
     D:2: 711 daAuts
     D:5: 688 daAuts
     D:3: 497 daAuts
     D:6: 128 daAuts

Table legend:
 A = Non-vault XP
 B = Vault XP
 C = Vault XP percentage of total XP
 D = Non-vault monster count
 E = Vault monster count
 F = Vault count percentage of total count
                 A         B        C        D         E       F
            +---------+---------+-------+---------+---------+-------
      Total |    1605 |       4 |   0.2 |      87 |       2 |   2.2
            +---------+---------+-------+---------+---------+-------
        D:1 |      24 |       4 |  14.3 |      14 |       2 |  12.5
        D:2 |      36 |       0 |   0.0 |      13 |       0 |   0.0
        D:3 |      51 |       0 |   0.0 |      14 |       0 |   0.0
        D:4 |     556 |       0 |   0.0 |      22 |       0 |   0.0
        D:5 |     547 |       0 |   0.0 |      15 |       0 |   0.0
        D:6 |     391 |       0 |   0.0 |       9 |       0 |   0.0
            +---------+---------+-------+---------+---------+-------
